AoeStats
← 钓鱼佬

African Clearing

510501140Analyzed
4v4 RM · 16h ago on Oct 1, 2026· 28m 38s· 8 players
Game mode
Random Map
Map size
Large (8 player)
Population
200
Speed
Normal
Resources
Standard
Victory
Conquest
Starting age
Dark Age
Ending age
Imperial Age
RankedLock teamsTeams togetherTeam positionsShared explorationLock speedFull tech treeHidden civsTurbo modeCheats
Victory
Defeat
🇦🇷 Koreans · Argentina
1823
+14
🇨🇳 Magyars · China
1810
+14
🇭🇰 Britons · Hong Kong SAR China
1689
+19
🇭🇺 Franks · Hungary
1653
+21
🇭🇰 Sicilians · Hong Kong SAR China
1918
-23
🇨🇳 Aztecs · China
1809
-19
1736
-16
🇨🇳 Malians · China
1594
-10
DZT_白霜魔头
12:09 Feudal Age
11:29 Loom
12:12 Man-at-Arms
12:38 Arson
13:03 Double-Bit Axe
13:27 Arson
15:38 Loom
15:55 Fletching
17:23 Town Watch
22:43 Castle Age
21:30 Gold Mining
22:47 Crossbowman
23:34 Bodkin Arrow
23:43 Padded Archer Armor
钓鱼佬
9:00 Loom
11:24 Feudal Age
11:56 Double-Bit Axe
12:03 Horse Collar
23:20 Castle Age
22:51 Scale Barding Armor
23:02 Bloodlines
23:57 Forging
23:51 Light Cavalry
26:14 Wheelbarrow
27:32 Chain Barding Armor
trói em vào cột điện
10:33 Loom
12:46 Feudal Age
14:20 Double-Bit Axe
16:38 Castle Age
18:28 Bow Saw
21:45 Wheelbarrow
23:32 Horse Collar
26:36 Fletching
26:57 Forging
27:26 Scale Barding Armor
28:31 Hand Cart
T
11:33 Feudal Age
9:56 Loom
12:22 Double-Bit Axe
12:41 Town Watch
19:04 Fletching
27:32 Wheelbarrow
_John_
8:04 Loom
11:01 Feudal Age
11:44 Double-Bit Axe
21:20 Castle Age
22:56 Husbandry
23:05 Scale Barding Armor
23:15 Bow Saw
24:21 Forging
< blank >
10:52 Loom
11:04 Loom
13:22 Feudal Age
21:00 Castle Age
20:44 Double-Bit Axe
21:06 Fletching
23:05 Double-Bit Axe
25:54 Town Watch
AceRx
8:07 Loom
12:15 Feudal Age
12:43 Double-Bit Axe
12:45 Town Watch
15:49 Fletching
16:18 Horse Collar
23:37 Castle Age
23:35 Gold Mining
24:14 Bodkin Arrow
25:56 Bow Saw
pigpig_aoe
9:18 Loom
11:55 Feudal Age
12:43 Double-Bit Axe
16:01 Fletching
17:09 Wheelbarrow
18:24 Horse Collar
24:58 Castle Age
23:47 Padded Archer Armor
25:03 Crossbowman
25:42 Bodkin Arrow
27:10 Ballistics
27:35 Town Watch
Connection lost

Rejoining the realm…

Still unreachable

The connection could not be restored.

Session expired

The server has moved on; the page needs a fresh start.